 Dungeon Crawl Stone Soup version 0.27-a0-1256-gced786f65e (webtiles) character file.

Game seed: 2133638532571999435

1212 tilp the Summoner (level 8, -1/63 HPs)
             Began as a Barachi Summoner on June 10, 2021.
             Slain by an orc warrior
             ... wielding a +0 glaive
              (12 damage)
             ... on level 6 of the Dungeon.
             The game lasted 00:15:52 (9301 turns).

tilp the Summoner (Barachi Summoner)                Turns: 9301, Time: 00:15:52

Health: -1/63      AC: 12    Str: 15    XL:     8   Next: 46%
Magic:  3/14       EV: 16    Int: 11    God:
Gold:   1251       SH:  0    Dex: 13    Spells: 9/15 levels left

rFire    . . .     SeeInvis +   a - +5 flail of Tawkum {drain, rPois Str+4 Int-5 SInv}
rCold    . . .     Faith    .   (no shield)
rNeg     . . .     Spirit   .   e - +0 ring mail
rPois    +         Reflect  .   h - +0 helmet
rElec    .         Harm     .   (no cloak)
rCorr    .         Rampage  .   t - +1 pair of gloves
Will     .....                  (no boots)
Stlth    ++........             (no amulet)
HPRegen  0.20/turn              d - +4 ring of evasion
MPRegen  0.14/turn              v - +4 ring of protection

@: unable to hop, slow
A: amphibious, slowness 1, strong legs 1, +LOS
a: Hop


You were on level 6 of the Dungeon.
You visited 1 branch of the dungeon, and saw 6 of its levels.

You collected 1251 gold pieces.

Inventory:

Hand Weapons
 a - the +5 flail of Tawkum (weapon) {drain, rPois Str+4 Int-5 SInv}
   (You found it on level 4 of the Dungeon)

   A truly terrible weapon, it drains the life of those it strikes.
   It affects your strength (+4).
   It affects your intelligence (-5).
   It protects you from poison.
   It lets you see invisible.
 l - a +0 mace of holy wrath
 r - a +1 dagger of flaming
 s - a +2 dire flail of holy wrath
 x - the +8 spear "Disito Legu" {vorpal, rN+ Dex+3 Stlth-}
   (You found it on level 4 of the Dungeon)

   It inflicts extra damage upon your enemies.
   It affects your dexterity (+3).
   It protects you from negative energy.
   It makes you less stealthy.
Missiles
 g - 2 throwing nets
 z - 20 poisoned darts (quivered)
Armour
 b - a +1 robe
 e - a +0 ring mail (worn)
 h - a +0 helmet (worn)
 t - a +1 pair of gloves (worn)
Jewellery
 c - a ring of wizardry
 d - a +4 ring of evasion (left hand)
 j - a ring of ice
 p - a ring of resist corrosion
 q - an amulet of guardian spirit
 v - a +4 ring of protection (right hand)
 A - a +6 ring of intelligence
 B - a ring of protection from fire
Wands
 m - a wand of flame (18)
Scrolls
 f - a scroll of enchant weapon
 n - 3 scrolls of amnesia
 o - 3 scrolls of teleportation
Potions
 i - a potion of cancellation
 k - a potion of mutation {unknown}
 u - a potion of invisibility {unknown}
 w - 2 potions of curing {unknown}


   Skills:
 + Level 5.6 Fighting
 + Level 3.2 Maces & Flails
 - Level 0.3 Polearms
 - Level 4.0 Dodging
 - Level 4.0 Stealth
 - Level 4.0 Spellcasting
 - Level 8.0 Summonings


You had 9 spell levels left.
You knew the following spells:

 Your Spells              Type           Power      Damage    Failure   Level
a - Summon Small Mammal   Summ           76%        N/A       1%          1
b - Call Imp              Summ           19%        N/A       2%          2
c - Call Canine Familiar  Summ           19%        N/A       5%          3

Your spell library contained the following spells:

 Spells                   Type           Power      Damage    Failure   Level
 Summon Guardian Golem    Hex/Summ       11%        N/A       26%         3
 Beastly Appendage        Tmut           4%         N/A       43%         1
 Magic Dart               Conj           8%         1d3       43%         1
 Searing Ray              Conj           4%         3d3       56%         2
 Wereblood                Tmut           2%         N/A       56%         2
 Summon Ice Beast         Ice/Summ       11%        N/A       65%         4
 Summon Lightning Spire   Summ/Air       11%        N/A       65%         4
 Dazzling Flash           Conj/Hex       4%         N/A       80%         3
 Spider Form              Tmut/Pois      1%         N/A       80%         3
 Fulminant Prism          Conj/Hex       1%         3d6       99%         4
 Ice Form                 Ice/Tmut       2%         N/A       99%         4
 Iskenderun's Mystic Bla  Conj/Tloc      2%         2d3       99%         4


Dungeon Overview and Level Annotations

Branches:
Dungeon (6/15)
 Temple: D:4-7

Altars:
Trog

Annotations:
D:3 Grinder


Innate Abilities, Weirdness & Mutations

You are amphibious.
You cover ground slowly.
You can hop short distances.
You have an extended range of vision and can be seen from far away.


Message History

Your hound closely misses the orc warrior.
The orc warrior closely misses your hound.
Your hound closely misses the orc warrior.
You hit the orc warrior but do no damage.
The orc warrior is moderately wounded.
The orc warrior misses your hound.
Your hound closely misses the orc warrior.
The orc priest casts a cantrip, but nothing happens.
Unknown command.
You sock the orc warrior! You drain the orc warrior.
The orc warrior is almost dead.
Your hound misses the orc warrior.
The orc warrior hits your hound with a +0 glaive!
The adder bites your crimson imp.
Your hound bites the orc warrior but does no damage.
Your crimson imp misses the adder.
The orc warrior hits you with a +0 glaive!
* * * LOW HITPOINT WARNING * * *
You hit the orc warrior but do no damage.
The orc warrior is almost dead.
Your hound bites the orc warrior but does no damage.
The adder bites your crimson imp but does no damage.
The orc priest mumbles some strange prayers to Beogh against you.
Beogh smites you!
* * * LOW HITPOINT WARNING * * *
Your hound barely misses the orc warrior.
Your crimson imp blinks!
The orc warrior hits your hound with a +0 glaive.
Your hound dies!
Your hound's corpse disappears in a puff of smoke!
You barely miss the orc warrior.
The orc warrior is almost dead.
The orc priest calls upon Beogh to heal the orc warrior.
The orc warrior is healed somewhat.
The adder closely misses you.
Unknown command.
Hop to where?
Press: ? - help, Dir - move target, p - orc warrior Boing!
The adder closely misses you.
The orc warrior hits you with a +0 glaive!
You die...

#...##... ##.....#
##......# ## ##.......#
..## ##.)).....# #....
#..<......## #.....
............##..###....#
####.....#####..#....#
##...## ##.@...# #..#
###oS..## #..
##oo○#..5..# ....
#..###.....# ..##
#....## ..##..# ##.
###.## #.# ..# ## .. ..
... . ###


You could see an orc warrior (drained, ally target), an orc priest, an adder, an
orc and a friendly crimson imp (summoned).

Vanquished Creatures
  Edmund (D:6)
  Menkaure (D:5)
  An orc warrior (D:6)
  A centaur (D:5)
  A scorpion (D:5)
  Dowan (D:4)
  A water moccasin zombie (D:5)
  A water moccasin skeleton (D:5)
  A howler monkey (D:4)
  A hound (D:4)
  An orc priest (D:5)
  2 iguanas
  9 gnolls
  2 adders
  An adder zombie (D:5)
  A dart slug (D:3)
  3 orcs
  A ball python (D:1)
  An endoplasm (D:2)
  A giant cockroach (D:4)
  4 goblins
  2 hobgoblins
  3 jackals (D:3)
  4 kobolds
  A quokka (D:3)
  3 bats
  2 frilled lizards (D:1)
  2 rats (D:3)
53 creatures vanquished.

Vanquished Creatures (collateral kills)
  A water moccasin (D:6)
  Duvessa (D:4)
  2 ogres
  An orc priest (D:3)
  A jelly (D:4)
  Robin (D:3)
  2 gnolls (D:4)
  6 adders
  A worm (D:2)
  A dart slug (D:1)
  2 orcs (D:3)
  3 ball pythons
  4 endoplasms
  3 giant cockroaches
  3 hobgoblins
  5 jackals
  2 quokkas (D:1)
  A bat (D:1)
  A frilled lizard (D:1)
  11 goblins
  5 kobolds
  5 rats
62 creatures vanquished.

Grand Total: 115 creatures vanquished

Notes
Turn   | Place    | Note
-------+----------+-------------------------------------------
     0 | D:1      | tilp the Barachi Summoner began the quest for the Orb.
     0 | D:1      | Reached XP level 1. HP: 13/13 MP: 3/3
   151 | D:1      | Reached skill level 1 in Fighting
   426 | D:1      | Reached XP level 2. HP: 11/22 MP: 0/5
   431 | D:1      | Learned a level 2 spell: Call Imp
  1223 | D:1      | Reached skill level 5 in Summonings
  1924 | D:2      | Reached XP level 3. HP: 18/27 MP: 2/6
  1931 | D:2      | Learned a level 3 spell: Call Canine Familiar
  3158 | D:2      | Found a faded altar of an unknown god.
  3675 | D:3      | Reached XP level 4. HP: 29/33 MP: 2/8
  3939 | D:3      | Noticed Robin
  3995 | D:3      | Reached skill level 6 in Summonings
  3996 | D:3      | Killed Robin
  4505 | D:3      | Reached XP level 5. HP: 41/41 MP: 3/9
  4507 | D:3      | Noticed Grinder
  5862 | D:4      | Identified the +5 flail of Tawkum {drain, rPois Str+4 Int-5
                  | SInv}
  6033 | D:4      | Reached XP level 6. HP: 38/48 MP: 5/10
  6398 | D:4      | Noticed Duvessa
  6398 | D:4      | Noticed Dowan
  6412 | D:4      | Killed Duvessa
  6415 | D:4      | Killed Dowan
  6573 | D:4      | Reached XP level 7. HP: 45/54 MP: 1/11
  6702 | D:4      | Identified the +8 spear "Disito Legu" {vorpal, rN+ Dex+3
                  | Stlth-}
  7138 | D:4      | Identified a scroll of acquirement
  7138 | D:4      | Acquired 1002 gold pieces
  7145 | D:5      | Entered Level 5 of the Dungeon
  7187 | D:5      | Noticed Menkaure
  7192 | D:5      | Killed Menkaure
  7204 | D:5      | Found a bloodstained altar of Trog.
  7384 | D:5      | Reached skill level 7 in Summonings
  7847 | D:5      | Reached skill level 8 in Summonings
  7847 | D:5      | Reached XP level 8. HP: 49/60 MP: 11/14
  8572 | D:6      | Noticed Edmund
  8583 | D:6      | Reached skill level 1 in Maces & Flails
  8588 | D:6      | Killed Edmund
  8843 | D:6      | Reached skill level 5 in Fighting
  9301 | D:6      | Slain by an orc warrior

Illustrated notes

Levels and vault maps discovered:
D:1:      dpeg_arrival_stone_temple_mockup, layout_basic, st_stairs_7
D:2:      layout_basic, ebering_ecumenical_altar_sacrificial, nrook_uturn
D:3:      minmay_diamond_boxcup, layout_basic, hex_medium, uniq_grinder,
          uniq_robin
D:4:      layout_basic, minmay_increasing_density, uniq_duvessa
D:5:      layout_basic, kennysheep_mini_moat, uniq_menkaure
D:6:      layout_layer_cave, serial_shops, nicolae_shop_stone, uniq_eustachio,
          uniq_edmund

Skill      XL: |  1  2  3  4  5  6  7  8 |
---------------+-------------------------+-----
Fighting       | 1 2 3 4 5 |  5.6
Summonings     | 5 6 8 |  8.0
Spellcasting   | 3 4 |  4.0
Stealth        | 2 4 |  4.0
Dodging        | 3 4 |  4.0
Maces & Flails | 3 |  3.2
Polearms       | |  0.3

Action                   |  1- 3 |  4- 6 |  7- 9 || total
-------------------------+-------+-------+-------++-------
Melee: Unarmed           |    39 |       |       ||    39
       Dagger            |   119 |   123 |       ||   242
       Flail             |       |    26 |    67 ||    93
 Cast: Summon Small Mamm |    37 |     1 |     1 ||    39
       Call Imp          |    14 |    20 |    24 ||    58
       Call Canine Famil |     7 |    20 |    12 ||    39
 Abil: Hop               |     1 |     4 |     2 ||     7
Evoke: Wand              |       |       |     4 ||     4
  Use: Scroll            |     6 |       |     8 ||    14
 Stab: Sleeping          |     2 |       |     1 ||     3
       Distracted        |     1 |       |     3 ||     4
Armor: Robe              |    16 |       |       ||    16
       Ring mail         |    30 |    43 |    25 ||    98
Dodge: Dodged            |   142 |   137 |    78 ||   357

Table legend: (Time is in decaauts)
 A = Elapsed time spent in this place.
 B = Non-inter-level travel time spent in this place.
 C = Inter-level travel time spent in this place.
 D = Time resting spent in this place.
 E = Time spent auto-exploring this place.
 F = Levels seen in this place.
 G = Mean time per level.
                   A        B        C        D        E       F      G
               +--------+--------+--------+--------+--------+-----+--------+
         Total |  10165 |   9517 |    648 |   2637 |   5482 |   6 | 1694.2 |
       Dungeon |  10165 |   9517 |    648 |   2637 |   5482 |   6 | 1694.2 |
               +--------+--------+--------+--------+--------+-----+--------+

Top non-repeatable levels by time:
     D:2: 2381 daAuts
     D:3: 2164 daAuts
     D:5: 1929 daAuts
     D:1: 1749 daAuts
     D:4: 1500 daAuts
     D:6: 441 daAuts
